 Dungeon Crawl Stone Soup version 0.22-a0-430-g6609fc6 (webtiles) character file.

3916 aronpayne the Blocker (level 10, -2/121 HPs)
             Began as a Gnoll Fighter on May 26, 2018.
             Was a Priest of Okawaru.
             Slain by a centaur (5 damage)
             ... on level 9 of the Dungeon.
             The game lasted 00:23:23 (6002 turns).

aronpayne the Blocker (Gnoll Fighter)               Turns: 6002, Time: 00:23:24

Health: -2/121     AC: 16    Str: 29    XL:     10   Next: 20%
Magic:  17/17      EV: 12    Int: 11    God:    Okawaru [***...]
Gold:   385        SH: 12    Dex: 15    Spells: 18/19 levels left

rFire    + . .     SeeInvis .   d - +4 falchion
rCold    + + .     Gourm    .   c - +0 shield
rNeg     . . .     Faith    .   p - +4 scale mail {rC+}
rPois    +         Spirit   .   v - +0 helmet
rElec    +         Reflect  .   q - +0 cloak
rCorr    +         Harm     .   j - +0 pair of gloves
MR       +....                  (no boots)
Stlth    ..........             (no amulet)
HPRegen  0.30/turn              x - ring of protection from magic
MPRegen  0.15/turn              r - +3 ring of strength

@: berserking, resistant, very quick
A: distributed training, fangs 1, strong nose
a: Heroism, Renounce Religion


You were on level 9 of the Dungeon.
You worshipped Okawaru.
Okawaru was most pleased with you.
You were hungry.

You visited 2 branches of the dungeon, and saw 10 of its levels.

You collected 385 gold pieces.

Inventory:

Hand Weapons
 a - a +1 flail
 d - a +4 falchion (weapon)
Armour
 c - a +0 shield (worn)
 j - a +0 pair of gloves (worn)
 k - the +3 robe of Amorality {rF+ Stlth+}
   (You took it off a centaur on level 7 of the Dungeon)

   It protects you from fire.
   It makes you more stealthy.
 p - a +4 scale mail of cold resistance (worn)
 q - a +0 cloak (worn)
 v - a +0 helmet (worn)
Jewellery
 r - a +3 ring of strength (right hand)
 x - a ring of protection from magic (left hand)
Wands
 t - a wand of digging (16)
 B - a wand of acid (9)
Scrolls
 b - 3 scrolls of identify
 n - 4 scrolls of remove curse
 o - 3 scrolls of teleportation
 s - a scroll of noise {unknown}
 y - a scroll of fear {unknown}
Potions
 h - a potion of haste
 l - a potion of berserk rage
 u - 2 potions of flight {unknown}
 w - a potion of magic {unknown}
 z - a potion of agility {unknown}
 A - a potion of mutation {unknown}
Comestibles
 f - 7 rations


   Skills:
 + Level 8.3 Fighting
 + Level 5.0 Short Blades
 + Level 5.0 Long Blades
 + Level 5.0 Axes
 + Level 6.8 Maces & Flails
 + Level 5.0 Polearms
 + Level 5.0 Staves
 + Level 5.0 Slings
 + Level 5.0 Bows
 + Level 5.0 Crossbows
 + Level 5.0 Throwing
 + Level 8.3 Armour
 + Level 5.0 Dodging
 + Level 5.0 Stealth
 + Level 8.3 Shields
 + Level 5.0 Unarmed Combat
 + Level 5.0 Spellcasting
 + Level 4.1 Conjurations
 + Level 4.1 Hexes
 + Level 4.1 Charms
 + Level 4.1 Summonings
 + Level 4.1 Necromancy
 + Level 4.1 Translocations
 + Level 4.1 Transmutations
 + Level 4.1 Fire Magic
 + Level 4.1 Ice Magic
 + Level 4.1 Air Magic
 + Level 4.1 Earth Magic
 + Level 4.1 Poison Magic
 + Level 5.4 Invocations
 + Level 5.0 Evocations


You had 18 spell levels left.
You knew the following spells:

 Your Spells              Type           Power        Failure   Level  Hunger
a - Beastly Appendage     Tmut           ##....       19%         1    None

Your spell library contained the following spells:

 Spells                   Type           Power        Failure   Level  Hunger
 Spider Form              Tmut/Pois      ##........   47%         3    ###....
 Blade Hands              Tmut           ##........   99%         5    ######.
 Ice Form                 Ice/Tmut       ##......     87%         4    ####...
 Sticks to Snakes         Tmut           ##......     26%         2    ##.....


Dungeon Overview and Level Annotations

Branches:
Dungeon (9/15)             Temple (1/1) D:4
   Lair: D:8-11         Orc: D:9-12

Altars:
Ashenzari
Cheibriados
Fedhas
Gozag
Kikubaaqudgha
Makhleb
Nemelex Xobeh
Okawaru
Qazlal
Ru
Trog
Uskayaw
Vehumet
Wu Jian
Yredelemnul
Zin
The Shining One


Innate Abilities, Weirdness & Mutations

Your experience applies equally to all skills.
You have very sharp teeth.
Your uncanny sense of smell can sniff out nearby items.


Message History

You kill the howler monkey!
Okawaru accepts your kill.
Your Short Blades skill increases to level 5!
Your Long Blades skill increases to level 5!
Your Axes skill increases to level 5!
Your Polearms skill increases to level 5!
Your Staves skill increases to level 5!
Your Slings skill increases to level 5!
Your Bows skill increases to level 5!
Your Crossbows skill increases to level 5!
Your Throwing skill increases to level 5!
Your Dodging skill increases to level 5!
Your Stealth skill increases to level 5!
Your Unarmed Combat skill increases to level 5!
Your Spellcasting skill increases to level 5!
Your Evocations skill increases to level 5!
The centaur shoots an arrow.
You block the arrow.
You are too berserk!
The centaur unwields an uncursed shortbow.
The centaur hits you.
You die...

####+#####
.........#
.>......$#
........<#
.......@.+
.......c.#
.....$...#
.........#
....5....#
.........#
.........#
##########


You could see a centaur and a crimson imp.

Vanquished Creatures
  The ghost of inmateoo the Skirmisher, a novice CeAE of Okawaru (D:5)
  Pikel (D:6)
  A manticore (D:7)
  Grinder (D:4)
  A wyvern (D:8)
  A water moccasin (D:6)
  A sky beast (D:6)
  An orc warrior (D:7)
  An ice beast (D:7)
  4 ogres
  2 phantoms (D:6)
  3 centaurs
  2 bullfrogs
  A scorpion (D:5)
  3 wights (D:7)
  A centaur zombie (D:6)
  3 howler monkeys
  A quasit (D:7)
  A bullfrog zombie (D:8)
  3 crimson imps
  3 hounds
  2 orc priests
  2 orc wizards
  Terence (D:3)
  An iguana (D:6)
  3 worker ants
  A killer bee zombie (D:5)
  A hound zombie (D:6)
  2 hound skeletons (D:4)
  3 gnolls (D:3)
  8 adders
  A shadow imp (D:7)
  An adder zombie (D:7)
  3 dart slugs
  2 leopard geckos
  13 orcs
  3 giant cockroaches
  8 goblins
  4 hobgoblins
  3 jackals (D:6)
  4 kobolds
  4 quokkas
  5 bats
  2 frilled lizards
  3 rats (D:2)
116 creatures vanquished.

Vanquished Creatures (others)
  The ghost of inmateoo the Fighter, a novice MiAE of Trog (D:7)
  A scorpion (D:6)
  An orc wizard (D:7)
  An orc (D:7)
4 creatures vanquished.

Grand Total: 120 creatures vanquished

Notes
Turn   | Place    | Note
-------+----------+-------------------------------------------
     0 | D:1      | aronpayne the Gnoll Fighter began the quest for the Orb.
     0 | D:1      | Reached XP level 1. HP: 23/23 MP: 1/1
   298 | D:1      | Reached XP level 2. HP: 28/29 MP: 2/2
   505 | D:2      | Reached XP level 3. HP: 28/35 MP: 3/3
   757 | D:2      | Reached skill level 1 in Invocations
  1092 | D:3      | Reached skill level 1 in Short Blades
  1092 | D:3      | Reached skill level 1 in Long Blades
  1092 | D:3      | Reached skill level 1 in Axes
  1092 | D:3      | Reached skill level 1 in Polearms
  1092 | D:3      | Reached skill level 1 in Staves
  1092 | D:3      | Reached skill level 1 in Slings
  1092 | D:3      | Reached skill level 1 in Bows
  1092 | D:3      | Reached skill level 1 in Crossbows
  1092 | D:3      | Reached skill level 1 in Throwing
  1092 | D:3      | Reached skill level 1 in Dodging
  1092 | D:3      | Reached skill level 1 in Stealth
  1092 | D:3      | Reached skill level 1 in Unarmed Combat
  1092 | D:3      | Reached skill level 1 in Spellcasting
  1092 | D:3      | Reached skill level 1 in Evocations
  1099 | D:3      | Reached XP level 4. HP: 40/41 MP: 5/5
  1115 | D:3      | Noticed Terence
  1137 | D:3      | Killed Terence
  1198 | D:3      | Found a sparkling altar of Nemelex Xobeh.
  1227 | D:3      | Reached skill level 1 in Conjurations
  1227 | D:3      | Reached skill level 1 in Hexes
  1227 | D:3      | Reached skill level 1 in Charms
  1227 | D:3      | Reached skill level 1 in Summonings
  1227 | D:3      | Reached skill level 1 in Necromancy
  1227 | D:3      | Reached skill level 1 in Translocations
  1227 | D:3      | Reached skill level 1 in Transmutations
  1227 | D:3      | Reached skill level 1 in Fire Magic
  1227 | D:3      | Reached skill level 1 in Ice Magic
  1227 | D:3      | Reached skill level 1 in Air Magic
  1227 | D:3      | Reached skill level 1 in Earth Magic
  1227 | D:3      | Reached skill level 1 in Poison Magic
  1686 | D:3      | Reached XP level 5. HP: 29/47 MP: 6/6
  2082 | D:4      | Noticed Grinder
  2091 | D:4      | Noticed an ogre
  2100 | D:4      | Killed an ogre
  2100 | D:4      | Reached XP level 6. HP: 53/53 MP: 8/8
  2127 | D:4      | Killed Grinder
  2127 | D:4      | Reached skill level 5 in Maces & Flails
  2127 | D:4      | Reached XP level 7. HP: 59/59 MP: 8/10
  2773 | D:4      | Found a staircase to the Ecumenical Temple.
  2783 | Temple   | Entered the Ecumenical Temple
  2978 | Temple   | Became a worshipper of Warmaster Okawaru
  3045 | D:5      | Entered Level 5 of the Dungeon
  3047 | D:5      | Noticed inmateoo's ghost (novice CeAE)
  3059 | D:5      | Killed inmateoo's ghost
  3059 | D:5      | Reached * piety under Okawaru
  3059 | D:5      | Reached XP level 8. HP: 67/67 MP: 10/12
  3577 | D:5      | Found a shattered altar of Ashenzari.
  3580 | D:5      | Found a blossoming altar of Fedhas.
  3582 | D:5      | Found an ornate altar of the Wu Jian Council.
  4370 | D:6      | Reached XP level 9. HP: 64/72 MP: 14/14
  4400 | D:6      | Reached ** piety under Okawaru
  4469 | D:6      | Noticed Pikel
  4496 | D:6      | Killed Pikel
  4771 | D:6      | Learned a level 1 spell: Beastly Appendage
  4977 | D:6      | Found a bloodstained altar of Trog.
  4996 | D:6      | Found a sacrificial altar of Ru.
  4997 | D:6      | Found a burning altar of Makhleb.
  5668 | D:7      | Reached *** piety under Okawaru
  5668 | D:7      | Reached skill level 5 in Invocations
  5671 | D:7      | Got a fine robe
  5672 | D:7      | Identified the +3 robe of Amorality {rF+ Stlth+} (You took it off a centaur on level 7 of the Dungeon)
  5873 | D:7      | Received a gift from Okawaru
  5887 | D:7      | Noticed a manticore
  5895 | D:7      | Reached XP level 10. HP: 47/80 MP: 15/17
  5896 | D:7      | Killed inmateoo's ghost
  5918 | D:7      | Killed a manticore
  5975 | D:8      | Noticed a two-headed ogre
  5992 | D:8      | HP: 4/80 [orc priest/divine providence (11)]
  5999 | D:9      | HP: 2/120 [centaur/arrow (6)]
  6001 | D:9      | Reached skill level 5 in Short Blades
  6001 | D:9      | Reached skill level 5 in Long Blades
  6001 | D:9      | Reached skill level 5 in Axes
  6001 | D:9      | Reached skill level 5 in Polearms
  6001 | D:9      | Reached skill level 5 in Staves
  6001 | D:9      | Reached skill level 5 in Slings
  6001 | D:9      | Reached skill level 5 in Bows
  6001 | D:9      | Reached skill level 5 in Crossbows
  6001 | D:9      | Reached skill level 5 in Throwing
  6001 | D:9      | Reached skill level 5 in Dodging
  6001 | D:9      | Reached skill level 5 in Stealth
  6001 | D:9      | Reached skill level 5 in Unarmed Combat
  6001 | D:9      | Reached skill level 5 in Spellcasting
  6001 | D:9      | Reached skill level 5 in Evocations
  6002 | D:9      | Slain by a centaur

Vault maps used:
D:1:      saegor_arrival_simple_d
D:3:      nemelex_xobeh_ov_fountains_minmay, first_ration, patterned_corridor,
          uniq_terence
D:4:      minmay_temple_entry_poolview, uniq_grinder
D:5:      gammafunk_temple_overflow_forgotten, kennysheep_generic_room_3
D:6:      gammafunk_temple_overflow_pools, overflow_temple_1_default,
          grunt_decor_resistance, uniq_pikel
D:7:      minmay_the_grid_octo_tiled_squarecenter, elyvilon_altar_4,
          lemuel_flamethrower_2
D:8:      regret_index_temple_of_mockery
D:9:      nicolae_dithmenos_the_darkroom, marbit_many_paths
Temple:   dpeg_chambers_temple

Skill      XL: |  1  2  3  4  5  6  7  8  9 10 |
---------------+-------------------------------+-----
Invocations    | 1 2 3 4 5 |  5.4
Short Blades   | 1 2 3 4 5 |  5.0
Long Blades    | 1 2 3 4 5 |  5.0
Axes           | 1 2 3 4 5 |  5.0
Polearms       | 1 2 3 4 5 |  5.0
Staves         | 1 2 3 4 5 |  5.0
Slings         | 1 2 3 4 5 |  5.0
Bows           | 1 2 3 4 5 |  5.0
Crossbows      | 1 2 3 4 5 |  5.0
Throwing       | 1 2 3 4 5 |  5.0
Dodging        | 1 2 3 4 5 |  5.0
Stealth        | 1 2 3 4 5 |  5.0
Unarmed Combat | 1 2 3 4 5 |  5.0
Spellcasting   | 1 2 3 4 5 |  5.0
Evocations     | 1 2 3 4 5 |  5.0
Conjurations   | 1 2 3 4 |  4.1
Hexes          | 1 2 3 4 |  4.1
Charms         | 1 2 3 4 |  4.1
Summonings     | 1 2 3 4 |  4.1
Necromancy     | 1 2 3 4 |  4.1
Translocations | 1 2 3 4 |  4.1
Transmutations | 1 2 3 4 |  4.1
Fire Magic     | 1 2 3 4 |  4.1
Ice Magic      | 1 2 3 4 |  4.1
Air Magic      | 1 2 3 4 |  4.1
Earth Magic    | 1 2 3 4 |  4.1
Poison Magic   | 1 2 3 4 |  4.1
Maces & Flails | 5 6 |  6.8
Fighting       | 7 8 |  8.3
Armour         | 7 8 |  8.3
Shields        | 7 8 |  8.3

Action                   |  1- 3 |  4- 6 |  7- 9 | 10-12 || total
-------------------------+-------+-------+-------+-------++-------
Melee: Flail             |    89 |    60 |    91 |       ||   240
       Bite              |     7 |     5 |    69 |     6 ||    87
       Falchion          |       |       |   224 |    41 ||   265
 Cast: Beastly Appendage |       |       |     1 |       ||     1
Invok: Heroism           |       |       |       |     1 ||     1
  Use: Scroll            |     3 |     1 |     7 |       ||    11
       Potion            |       |     1 |     3 |    10 ||    14
 Stab: Distracted        |       |       |     1 |       ||     1
  Eat: Chunk             |     1 |     2 |     3 |       ||     6
       Ration            |       |     1 |     2 |       ||     3
Armor: Scale mail        |    45 |    22 |   114 |    25 ||   206
       Skin              |       |       |       |     7 ||     7
Dodge: Dodged            |    44 |    15 |   121 |    21 ||   201
Block: Shield            |    52 |    30 |   216 |    41 ||   339
       Rpst.: Falchion   |       |       |    36 |     8 ||    44

Table legend:
 A = Spawn XP
 B = Non-spawn XP
 C = Spawn XP percentage of total XP
 D = Spawn monster count
 E = Non-spawn monster count
 F = Spawn count percentage of total count
 G = Total turns spent on level
                    A         B        C        D         E        F      G
               +---------+---------+-------+---------+---------+-------+---------
         Total |       0 |    5595 |   0.0 |       0 |     117 |   0.0 |  6002
               +---------+---------+-------+---------+---------+-------+---------
           D:1 |       0 |      19 |   0.0 |       0 |       9 |   0.0 |   435
           D:2 |       0 |      48 |   0.0 |       0 |      19 |   0.0 |   575
           D:3 |       0 |     128 |   0.0 |       0 |      12 |   0.0 |  1072
           D:4 |       0 |     721 |   0.0 |       0 |      12 |   0.0 |   740
           D:5 |       0 |    1027 |   0.0 |       0 |      16 |   0.0 |   998
           D:6 |       0 |    1701 |   0.0 |       0 |      22 |   0.0 |  1067
           D:7 |       0 |    1540 |   0.0 |       0 |      20 |   0.0 |   843
           D:8 |       0 |     257 |   0.0 |       0 |       4 |   0.0 |    42
           D:9 |       0 |     154 |   0.0 |       0 |       3 |   0.0 |     7
               +---------+---------+-------+---------+---------+-------+---------
